Chicago Black Hawks vs Philadelphia Flyers
Created - Monday, May 5, 2025 at 07:43
Goals
|
| Chicago Black Hawks |
1 |
0 |
0 |
1 |
| Philadelphia Flyers |
2 |
4 |
1 |
7 |
|
Shots
|
| Chicago Black Hawks |
10 |
4 |
11 |
25 |
| Philadelphia Flyers |
7 |
18 |
10 |
35 |
|
1st period
1. Philadelphia Flyers , Jeff Skinner 26 (Vladislav Gavrikov 14, Cody Glass 20) at 1:32
2. Philadelphia Flyers , Casey Cizikas 15 (Cody Glass 21, Joel Edmundson 8) at 16:08
3. Chicago Black Hawks , Claude Giroux 19 (Lucas Raymond 35) at 19:01
Penalties :
Simon Nemec (CHI) for Hooking (Minor) at 8:42
2nd period
4. Philadelphia Flyers , Jack McBain 13 (Jeff Skinner 31, Cody Glass 22) at 1:36
5. Philadelphia Flyers , Juuso Parssinen 13 (Marcus Johansson 20) at 6:01
6. Philadelphia Flyers , Brandon Duhaime 8 (Radek Faksa 18) at 8:31
7. Philadelphia Flyers , Luke Glendening 10 (Sean Kuraly 24) at 10:46 (SH)
Penalties :
Barrett Hayton (CHI) for Interference (Minor) at 2:31, Simon Nemec (CHI) for Hooking (Minor) at 6:09, Joshua Brown (PHI) for Holding (Minor) at 10:32, Trevor Zegras (CHI) for Tripping (Minor) at 13:31
3rd period
8. Philadelphia Flyers , Casey Cizikas 16 (Cody Glass 23, Sean Kuraly 25) at 9:03 (PP)
Penalties :
Vincent Desharnais (CHI) for Tripping (Minor) at 4:04, Caleb Jones (CHI) for Hooking (Minor) at 8:53, Justin Faulk (CHI) for Interference (Minor) at 9:51, Brett Murray (PHI) for Fighting (Major) at 17:46, Vincent Desharnais (CHI) for Fighting (Major) at 17:46
Goalie Stats
Alexandar Georgiev (CHI), 28 saves from 35 shots - (0.800), L, 13-14-1, 60:00 minutes
Connor Ingram (PHI), 24 saves from 25 shots - (0.960), W, 18-27-4, 60:00 minutes
Players Stats for Chicago Black Hawks
Player Name G A P +/- PIM S H SB GA TA FO MP PP MP PK MP
------------------------------------------------------------------------------------
Barrett Hayton 0 0 0 -1 2 1 1 0 1 1 0/1 13:24 0:00 0:49
Bobby Brink 0 0 0 -1 0 5 1 0 0 0 1/1 12:27 0:00 0:00
Caleb Jones 0 0 0 -1 2 0 2 0 1 0 0/0 13:09 0:00 0:00
Claude Giroux 1 0 1 -1 0 4 2 1 2 1 16/33 23:35 1:02 5:55
Cole Sillinger 0 0 0 -3 0 0 2 0 1 0 1/6 21:41 0:57 5:37
Colton Sissons 0 0 0 -2 0 2 2 0 1 1 2/6 19:25 1:02 5:44
David Jiricek 0 0 0 -1 0 0 4 3 0 1 0/0 17:24 0:00 4:19
Jack Drury 0 0 0 0 0 0 0 0 0 0 3/4 6:01 0:00 0:00
Jakob Pelletier 0 0 0 0 0 0 0 0 0 0 0/0 1:43 0:00 0:00
Joseph Veleno 0 0 0 -1 0 3 2 0 1 1 6/12 12:27 0:00 0:00
Justin Faulk 0 0 0 -2 2 1 4 0 1 1 0/0 25:05 1:12 4:58
Leo Carlsson 0 0 0 -2 0 1 2 0 0 2 0/1 15:38 0:57 0:00
Lucas Raymond 0 1 1 -1 0 1 1 0 0 1 1/4 19:07 1:02 5:55
Noah Cates 0 0 0 0 0 0 1 0 0 0 0/0 6:01 0:00 0:00
Simon Nemec 0 0 0 -3 4 3 3 0 0 0 0/0 24:08 1:12 3:29
Trevor Zegras 0 0 0 -2 2 2 2 1 2 0 0/0 15:47 0:57 0:08
Urho Vaakanainen 0 0 0 -2 0 0 0 4 0 0 0/0 21:08 0:47 6:21
Vincent Desharnais 0 0 0 -2 7 2 0 1 0 0 0/0 19:38 0:47 5:01
Players Stats for Philadelphia Flyers
Player Name G A P +/- PIM S H SB GA TA FO MP PP MP PK MP
------------------------------------------------------------------------------------
Brandon Duhaime 1 0 1 1 0 3 1 0 0 0 0/0 11:37 0:00 0:00
Brett Murray 0 0 0 0 5 2 2 0 1 0 0/0 10:53 0:00 0:00
Casey Cizikas 2 0 2 2 0 2 2 1 1 1 14/16 19:15 6:09 1:01
Cody Glass 0 4 4 2 0 3 1 0 1 0 0/0 17:56 6:09 0:00
Fredrik Olofsson 0 0 0 0 0 2 0 0 0 1 2/3 11:42 0:12 0:00
Jack McBain 1 0 1 0 0 3 2 0 2 1 5/18 16:50 5:44 0:00
Jeff Skinner 1 1 2 2 0 3 0 0 2 0 0/2 17:37 5:54 0:00
Joel Edmundson 0 1 1 3 0 0 2 0 0 1 0/0 16:06 0:49 1:01
Joshua Brown 0 0 0 0 2 1 0 0 0 0 0/0 14:51 0:49 0:00
Juuso Parssinen 1 0 1 1 0 1 4 0 0 0 0/0 17:15 5:54 0:00
Luke Glendening 1 0 1 2 0 2 0 0 1 0 0/0 12:35 0:00 0:58
Marcus Johansson 0 1 1 1 0 2 0 0 0 0 0/0 11:13 0:01 0:00
Radek Faksa 0 1 1 1 0 1 2 1 1 0 5/8 12:51 0:00 1:01
Sean Kuraly 0 2 2 2 0 4 1 0 0 1 12/21 18:32 6:09 0:58
Trevor van Riemsdyk 0 0 0 2 0 2 2 0 0 2 0/0 24:03 6:19 0:58
Vladislav Gavrikov 0 1 1 2 0 1 0 3 0 2 0/0 25:10 6:19 0:58
William Borgen 0 0 0 3 0 0 0 1 0 1 0/0 20:59 4:56 1:01
Zac Jones 0 0 0 0 0 3 0 0 0 0 0/0 18:34 4:56 0:00
3 Stars
1 - Casey Cizikas (PHI)
2 - Cody Glass (PHI)
3 - Jeff Skinner (PHI)
Power Play
Chicago Black Hawks - 0 on 1 Attempt(s) - 0.00%
Philadelphia Flyers - 1 on 7 Attempt(s) - 14.29%
Penalty Kill
Chicago Black Hawks - 6 on 7 Attempt(s) - 85.71%
- Score 0 goal in Penalty Kill
Philadelphia Flyers - 1 on 1 Attempt(s) - 100.00%
- Score 1 goal in Penalty Kill
Team Stat
Chicago Black Hawks - Hits : 29 - Faceoff Wins : 30 - Blocked Shots : 10 - Penalty Minutes : 19
Philadelphia Flyers - Hits : 19 - Faceoff Wins : 38 - Blocked Shots : 6 - Penalty Minutes : 7
Official
Referees : Chris Lee and Tj Luxmore
Linesman : Shandor Alphonso and Bevan Mills
Game Notes
Brett Murray beats up Vincent Desharnais at 17:46 of 3rd period
Finance
Level 1 -- Attendance: 6000 (100.00%) -- Ticket Income $546,000
Level 2 -- Attendance: 4528 (90.56%) -- Ticket Income $235,456
Level 3 -- Attendance: 2696 (89.87%) -- Ticket Income $75,488
Level 4 -- Attendance: 4222 (84.44%) -- Ticket Income $75,996
Luxury Box -- Attendance: 965 (96.50%) -- Ticket Income $183,350
Game was played at the Wells Fargo Center.
Total Attendance: 18411 (92.06%)
Total Ticket Income: $1,116,290
Other Income: $390,702
Total Income: $1,506,992
Chicago Black Hawks
5 vs 5 Forward
Center Left Wing Right Wing Time % Phy DF OF
1 Claude Giroux Lucas Raymond Colton Sissons 30 1 2 2
2 Cole Sillinger Trevor Zegras Leo Carlsson 30 1 2 2
3 Joseph Veleno Barrett Hayton Bobby Brink 25 1 2 2
4 Jack Drury Noah Cates Claude Giroux 15 1 2 2
5 vs 5 Defense
Defense Defense Time % Phy DF OF
1 Justin Faulk Simon Nemec 30 1 2 2
2 Urho Vaakanainen Vincent Desharnais 30 1 2 2
3 Caleb Jones David Jiricek 25 1 2 2
4 Justin Faulk Simon Nemec 15 1 2 2
PowerPlay Forward
Center Left Wing Right Wing Time % Phy DF OF
1 Claude Giroux Lucas Raymond Colton Sissons 50 1 2 2
2 Cole Sillinger Trevor Zegras Leo Carlsson 50 1 2 2
PowerPlay Defense
Defense Defense Time % Phy DF OF
1 Justin Faulk Simon Nemec 50 1 2 2
2 Urho Vaakanainen Vincent Desharnais 50 1 2 2
Penalty Kill 4 Players Forward
Center Wing Time % Phy DF OF
1 Claude Giroux Lucas Raymond 50 1 2 2
2 Colton Sissons Cole Sillinger 50 1 2 2
Penalty Kill 4 Players Defense
Defense Defense Time % Phy DF OF
1 Justin Faulk Simon Nemec 50 1 2 2
2 Urho Vaakanainen Vincent Desharnais 50 1 2 2
Penalty Kill - 3 Players Forward
Forward Time % Phy DF OF
1 Claude Giroux 50 1 2 2
2 Lucas Raymond 50 1 2 2
Penalty Kill - 3 Players Defense
Defense Defense Time % Phy DF OF
1 Justin Faulk Simon Nemec 50 1 2 2
2 Urho Vaakanainen Vincent Desharnais 50 1 2 2
4 vs 4 Forward
Center Wing Time % Phy DF OF
1 Claude Giroux Lucas Raymond 50 1 2 2
2 Colton Sissons Cole Sillinger 50 1 2 2
4 vs 4 Defense
Defense Defense Time % Phy DF OF
1 Justin Faulk Simon Nemec 50 1 2 2
2 Urho Vaakanainen Vincent Desharnais 50 1 2 2
Last Minutes Offensive
Center Left Wing Right Wing Defense Defense
Claude Giroux Lucas Raymond Colton Sissons Justin Faulk Simon Nemec
Last Minutes Defensive
Center Left Wing Right Wing Defense Defense
Claude Giroux Lucas Raymond Colton Sissons Justin Faulk Simon Nemec
Goaltenders
Starting : Alexandar Georgiev
Backup : Adin Hill
Extra Forwards
Normal : Jakob Pelletier, Joseph Veleno, Barrett Hayton - PP : Jakob Pelletier, Joseph Veleno - PK : Barrett Hayton
Extra Defensemen
Normal : Caleb Jones, David Jiricek, Urho Vaakanainen - PP : Caleb Jones - PK : David Jiricek, Urho Vaakanainen
Penalty Shots
Claude Giroux, Lucas Raymond, Colton Sissons, Cole Sillinger, Trevor Zegras
Scratches
Brett Howden (Healthy), Jon Merrill (Healthy), Shane Wright (Healthy), Antonio Stranges (Healthy), Filip Gustavsson (Healthy)
Philadelphia Flyers
5 vs 5 Forward
Center Left Wing Right Wing Time % Phy DF OF
1 Casey Cizikas Jeff Skinner Cody Glass 25 0 1 4
2 Sean Kuraly Juuso Parssinen Marcus Johansson 25 0 2 3
3 Radek Faksa Luke Glendening Brandon Duhaime 25 0 1 4
4 Jack McBain Brett Murray Fredrik Olofsson 25 0 2 3
5 vs 5 Defense
Defense Defense Time % Phy DF OF
1 Vladislav Gavrikov Trevor van Riemsdyk 35 0 2 3
2 William Borgen Joel Edmundson 35 0 2 3
3 Zac Jones Joshua Brown 30 0 2 3
4 Vladislav Gavrikov Trevor van Riemsdyk 0 1 2 2
PowerPlay Forward
Center Left Wing Right Wing Time % Phy DF OF
1 Jack McBain Jeff Skinner Juuso Parssinen 50 0 0 5
2 Casey Cizikas Cody Glass Sean Kuraly 50 0 0 5
PowerPlay Defense
Defense Defense Time % Phy DF OF
1 William Borgen Zac Jones 50 0 1 4
2 Vladislav Gavrikov Trevor van Riemsdyk 50 0 1 4
Penalty Kill 4 Players Forward
Center Wing Time % Phy DF OF
1 Casey Cizikas Radek Faksa 50 0 5 0
2 Sean Kuraly Luke Glendening 50 0 5 0
Penalty Kill 4 Players Defense
Defense Defense Time % Phy DF OF
1 Vladislav Gavrikov Trevor van Riemsdyk 50 0 5 0
2 William Borgen Joel Edmundson 50 0 5 0
Penalty Kill - 3 Players Forward
Forward Time % Phy DF OF
1 Casey Cizikas 50 0 5 0
2 Radek Faksa 50 0 5 0
Penalty Kill - 3 Players Defense
Defense Defense Time % Phy DF OF
1 Vladislav Gavrikov Trevor van Riemsdyk 50 0 5 0
2 William Borgen Joel Edmundson 50 0 5 0
4 vs 4 Forward
Center Wing Time % Phy DF OF
1 Jeff Skinner Casey Cizikas 50 0 1 4
2 Jack McBain Juuso Parssinen 50 0 1 4
4 vs 4 Defense
Defense Defense Time % Phy DF OF
1 Vladislav Gavrikov Trevor van Riemsdyk 50 0 2 3
2 William Borgen Joel Edmundson 50 0 2 3
Last Minutes Offensive
Center Left Wing Right Wing Defense Defense
Casey Cizikas Jeff Skinner Jack McBain William Borgen Zac Jones
Last Minutes Defensive
Center Left Wing Right Wing Defense Defense
Casey Cizikas Radek Faksa Sean Kuraly Vladislav Gavrikov Trevor van Riemsdyk
Goaltenders
Starting : Connor Ingram
Backup : Jake Allen
Extra Forwards
Normal : Jack McBain, Jeff Skinner, Cody Glass - PP : Jack McBain, Jeff Skinner - PK : Jack McBain
Extra Defensemen
Normal : Vladislav Gavrikov, William Borgen, Trevor van Riemsdyk - PP : Vladislav Gavrikov - PK : Vladislav Gavrikov, William Borgen
Penalty Shots
Casey Cizikas, Cody Glass, Jeff Skinner, Juuso Parssinen, Sean Kuraly
Scratches
Chase De Leo (Healthy), Charles Hudon (Healthy), Jacob MacDonald (Healthy)
% Time on Ice - Chicago Black Hawks
Lines # - Real PCT - Wanted PCT - Time Play
Normal Forward
1 - 27% - 30% - 12:12
2 - 33% - 30% - 15:17
3 - 27% - 25% - 12:27
4 - 13% - 15% - 6:01
Normal Defense
1 - 30% - 30% - 13:55
2 - 30% - 30% - 13:58
3 - 28% - 25% - 12:53
4 - 11% - 15% - 5:11
PP Forward
1 - 52% - 50% - 1:02
2 - 48% - 50% - 0:57
PP Defense
1 - 61% - 50% - 1:12
2 - 39% - 50% - 0:47
PK Forward
1 - 50% - 50% - 6:03
2 - 50% - 50% - 6:01
PK Defense
1 - 49% - 50% - 5:53
2 - 51% - 50% - 6:11
PK3 Forward
1 - 0% - 50%
2 - 0% - 50%
PK3 Defense
1 - 0% - 50%
2 - 0% - 50%
44 Forward
1 - 0% - 50%
2 - 0% - 50%
44 Defense
1 - 0% - 50%
2 - 0% - 50%
Last Minute Offensive - 0:00
Last Minute Defensive - 0:00
Total
Forward - 60:00
Defense - 60:00
|
% Time on Ice - Philadelphia Flyers
Lines # - Real PCT - Wanted PCT - Time Play
Normal Forward
1 - 25% - 25% - 11:36
2 - 25% - 25% - 11:25
3 - 25% - 25% - 11:37
4 - 25% - 25% - 11:19
Normal Defense
1 - 35% - 35% - 16:10
2 - 34% - 35% - 15:37
3 - 29% - 30% - 13:14
4 - 2% - 0% - 0:56
PP Forward
1 - 49% - 50% - 5:55
2 - 51% - 50% - 6:09
PP Defense
1 - 48% - 50% - 5:45
2 - 52% - 50% - 6:19
PK Forward
1 - 51% - 50% - 1:01
2 - 49% - 50% - 0:58
PK Defense
1 - 49% - 50% - 0:58
2 - 51% - 50% - 1:01
PK3 Forward
1 - 0% - 50%
2 - 0% - 50%
PK3 Defense
1 - 0% - 50%
2 - 0% - 50%
44 Forward
1 - 0% - 50%
2 - 0% - 50%
44 Defense
1 - 0% - 50%
2 - 0% - 50%
Last Minute Offensive - 0:00
Last Minute Defensive - 0:00
Total
Forward - 60:00
Defense - 60:00
|
Play-by-Play
1st period
0:01 of 1st period - Casey Cizikas wins face-off versus Claude Giroux in neutral zone.
0:10 of 1st period - Slapshot by Cody Glass.
0:10 of 1st period - Shot Misses the Net.
0:16 of 1st period - Backhand shot by Jeff Skinner.
0:16 of 1st period - Shot Misses the Net.
1:12 of 1st period - Snap shot by Brett Murray.
1:12 of 1st period - Shot Blocked by Claude Giroux.
1:30 of 1st period - Slapshot by Cody Glass.
1:30 of 1st period - Stopped by Alexandar Georgiev with a rebound.
1:32 of 1st period - Slapshot by Vladislav Gavrikov.
1:32 of 1st period - Deflect By Jeff Skinner.
1:32 of 1st period - Goal by Jeff Skinner - Chicago Black Hawks : 0 - Philadelphia Flyers : 1.
1:33 of 1st period - Claude Giroux wins face-off versus Sean Kuraly in neutral zone.
2:11 of 1st period - Wrist shot by Radek Faksa.
2:11 of 1st period - Shot Blocked by David Jiricek.
2:28 of 1st period - Snap shot by Trevor Zegras.
2:28 of 1st period - Stopped by Connor Ingram with a rebound.
2:30 of 1st period - Snap shot by Cole Sillinger.
2:30 of 1st period - Shot Misses the Net.
2:32 of 1st period - Snap shot by Leo Carlsson.
2:32 of 1st period - Shot Misses the Net.
2:34 of 1st period - Wrist shot by Cole Sillinger.
2:34 of 1st period - Shot Misses the Net.
3:59 of 1st period - Icing by Simon Nemec.
4:00 of 1st period - Casey Cizikas wins face-off versus Jack Drury in Chicago Black Hawks zone.
4:03 of 1st period - Snap shot by Jeff Skinner.
4:03 of 1st period - Shot Misses the Net.
4:13 of 1st period - Wrist shot by Jeff Skinner.
4:13 of 1st period - Shot Hit the Post.
4:15 of 1st period - Slapshot by William Borgen.
4:15 of 1st period - Shot Misses the Net.
6:16 of 1st period - Icing by Trevor van Riemsdyk.
6:17 of 1st period - Jack Drury wins face-off versus Sean Kuraly in Philadelphia Flyers zone.
6:27 of 1st period - Snap shot by Claude Giroux.
6:27 of 1st period - Deflect By Lucas Raymond.
6:27 of 1st period - Stopped by Connor Ingram with a rebound.
6:29 of 1st period - Slapshot by Simon Nemec.
6:29 of 1st period - Stopped by Connor Ingram with a rebound.
6:31 of 1st period - Wrist shot by Colton Sissons.
6:31 of 1st period - Stopped by Connor Ingram with a rebound.
7:15 of 1st period - Claude Giroux is hit by Trevor van Riemsdyk and loses puck.
8:28 of 1st period - Slapshot by Marcus Johansson.
8:28 of 1st period - Shot Misses the Net.
8:30 of 1st period - Snap shot by Juuso Parssinen.
8:30 of 1st period - Shot Blocked by Trevor Zegras.
8:42 of 1st period - Minor Penalty to Simon Nemec for Hooking.
8:43 of 1st period - Claude Giroux wins face-off versus Jack McBain in Chicago Black Hawks zone.
9:08 of 1st period - Justin Faulk is hit by Cody Glass and loses puck.
10:42 of 1st period - Penalty to Simon Nemec is over, Simon Nemec is back on ice.
10:49 of 1st period - William Borgen is hit by David Jiricek and loses puck.
11:40 of 1st period - Sean Kuraly is hit by Caleb Jones and loses puck.
11:57 of 1st period - Brandon Duhaime is hit by Claude Giroux and loses puck.
12:40 of 1st period - Leo Carlsson is hit by Brett Murray and loses puck.
12:53 of 1st period - Brandon Duhaime is hit by Justin Faulk and loses puck.
13:12 of 1st period - Cody Glass is hit by Noah Cates and loses puck.
13:39 of 1st period - Lucas Raymond is hit by Brett Murray and loses puck.
14:05 of 1st period - Urho Vaakanainen is hit by Radek Faksa and loses puck.
14:38 of 1st period - Fredrik Olofsson is hit by Simon Nemec and loses puck.
14:59 of 1st period - Vladislav Gavrikov is hit by Joseph Veleno and loses puck.
15:41 of 1st period - Brandon Duhaime is hit by Simon Nemec.
15:54 of 1st period - Off-side.
15:55 of 1st period - Casey Cizikas wins face-off versus Cole Sillinger in neutral zone.
16:02 of 1st period - Snap shot by Jeff Skinner.
16:02 of 1st period - Stopped by Alexandar Georgiev with a rebound.
16:04 of 1st period - Slapshot by Joel Edmundson.
16:04 of 1st period - Shot Misses the Net.
16:06 of 1st period - Wrist shot by Cody Glass.
16:06 of 1st period - Shot Misses the Net.
16:08 of 1st period - Snap shot by Casey Cizikas.
16:08 of 1st period - Goal by Casey Cizikas - Chicago Black Hawks : 0 - Philadelphia Flyers : 2.
16:09 of 1st period - Casey Cizikas wins face-off versus Lucas Raymond in neutral zone.
16:13 of 1st period - Off-side.
16:14 of 1st period - Casey Cizikas wins face-off versus Claude Giroux in neutral zone.
16:21 of 1st period - Slapshot by William Borgen.
16:21 of 1st period - Deflect By Jeff Skinner.
16:21 of 1st period - Shot Misses the Net.
16:21 of 1st period - Puck is out of play.
16:22 of 1st period - Casey Cizikas wins face-off versus Claude Giroux in Chicago Black Hawks zone.
16:33 of 1st period - Snap shot by Cody Glass.
16:33 of 1st period - Deflect By Jeff Skinner.
16:33 of 1st period - Stopped by Alexandar Georgiev without a rebound.
16:34 of 1st period - Claude Giroux wins face-off versus Jack McBain in Chicago Black Hawks zone.
16:45 of 1st period - Wrist shot by Claude Giroux.
16:45 of 1st period - Stopped by Connor Ingram with a rebound.
16:47 of 1st period - Slapshot by Simon Nemec.
16:47 of 1st period - Stopped by Connor Ingram with a rebound.
16:49 of 1st period - Slapshot by Justin Faulk.
16:49 of 1st period - Stopped by Connor Ingram without a rebound.
16:50 of 1st period - Sean Kuraly wins face-off versus Cole Sillinger in Philadelphia Flyers zone.
16:50 of 1st period - Sean Kuraly is hit by Cole Sillinger.
17:10 of 1st period - Simon Nemec is hit by Juuso Parssinen and loses puck.
18:07 of 1st period - Luke Glendening is hit by Justin Faulk and loses puck.
18:27 of 1st period - Off-side.
18:28 of 1st period - Joseph Veleno wins face-off versus Sean Kuraly in neutral zone.
18:39 of 1st period - Slapshot by Sean Kuraly.
18:39 of 1st period - Shot Blocked by Urho Vaakanainen.
18:41 of 1st period - Wrist shot by Sean Kuraly.
18:41 of 1st period - Stopped by Alexandar Georgiev with a rebound.
18:43 of 1st period - Snap shot by Sean Kuraly.
18:43 of 1st period - Stopped by Alexandar Georgiev without a rebound.
18:44 of 1st period - Casey Cizikas wins face-off versus Lucas Raymond in Chicago Black Hawks zone.
18:53 of 1st period - Snap shot by Claude Giroux.
18:53 of 1st period - Shot Blocked by William Borgen.
18:55 of 1st period - Wrist shot by Lucas Raymond.
18:55 of 1st period - Shot Misses the Net.
18:57 of 1st period - Wrist shot by Claude Giroux.
18:57 of 1st period - Stopped by Connor Ingram without a rebound.
18:58 of 1st period - Claude Giroux wins face-off versus Jack McBain in Philadelphia Flyers zone.
19:01 of 1st period - Snap shot by Lucas Raymond.
19:01 of 1st period - Deflect By Claude Giroux.
19:01 of 1st period - Goal by Claude Giroux - Chicago Black Hawks : 1 - Philadelphia Flyers : 2.
19:02 of 1st period - Lucas Raymond wins face-off versus Jack McBain in neutral zone.
19:33 of 1st period - Snap shot by Trevor Zegras.
19:33 of 1st period - Stopped by Connor Ingram without a rebound.
19:34 of 1st period - Sean Kuraly wins face-off versus Leo Carlsson in Philadelphia Flyers zone.
19:45 of 1st period - Juuso Parssinen is hit by Leo Carlsson and loses puck.
Goals for this period are 1 for Chicago Black Hawks vs 2 for Philadelphia Flyers.
Shots for this period are 10 for Chicago Black Hawks vs 7 for Philadelphia Flyers.
2nd period
0:01 of 2nd period - Radek Faksa wins face-off versus Claude Giroux in neutral zone.
0:08 of 2nd period - Wrist shot by Brandon Duhaime.
0:08 of 2nd period - Stopped by Alexandar Georgiev with a rebound.
0:33 of 2nd period - Slapshot by Jeff Skinner.
0:33 of 2nd period - Shot Misses the Net.
0:58 of 2nd period - Cole Sillinger is hit by Joel Edmundson and loses puck.
1:17 of 2nd period - Noah Cates is hit by Joel Edmundson and loses puck.
1:36 of 2nd period - Wrist shot by Jack McBain.
1:36 of 2nd period - Goal by Jack McBain - Chicago Black Hawks : 1 - Philadelphia Flyers : 3.
1:37 of 2nd period - Claude Giroux wins face-off versus Jack McBain in neutral zone.
1:39 of 2nd period - Off-side.
1:40 of 2nd period - Claude Giroux wins face-off versus Fredrik Olofsson in neutral zone.
2:07 of 2nd period - Wrist shot by Barrett Hayton.
2:07 of 2nd period - Shot Misses the Net.
2:09 of 2nd period - Wrist shot by Joseph Veleno.
2:09 of 2nd period - Stopped by Connor Ingram without a rebound.
2:10 of 2nd period - Sean Kuraly wins face-off versus Barrett Hayton in Philadelphia Flyers zone.
2:10 of 2nd period - Sean Kuraly is hit by Barrett Hayton.
2:16 of 2nd period - Joseph Veleno is hit by Juuso Parssinen and loses puck.
2:31 of 2nd period - Minor Penalty to Barrett Hayton for Interference.
2:32 of 2nd period - Sean Kuraly wins face-off versus Claude Giroux in Chicago Black Hawks zone.
2:57 of 2nd period - Snap shot by Jeff Skinner.
2:57 of 2nd period - Deflect By Juuso Parssinen.
2:57 of 2nd period - Shot Misses the Net.
2:57 of 2nd period - Puck is out of play.
2:58 of 2nd period - Claude Giroux wins face-off versus Jeff Skinner in Chicago Black Hawks zone.
3:32 of 2nd period - Off-side.
3:33 of 2nd period - Jack McBain wins face-off versus Colton Sissons in neutral zone.
3:36 of 2nd period - Colton Sissons is hit by Juuso Parssinen and loses puck.
4:31 of 2nd period - Penalty to Barrett Hayton is over, Barrett Hayton is back on ice.
4:59 of 2nd period - Wrist shot by Brett Murray.
4:59 of 2nd period - Stopped by Alexandar Georgiev without a rebound.
5:00 of 2nd period - Jack Drury wins face-off versus Jack McBain in Chicago Black Hawks zone.
5:00 of 2nd period - Jack Drury is hit by Jack McBain.
5:35 of 2nd period - Wrist shot by Sean Kuraly.
5:35 of 2nd period - Shot Misses the Net.
5:37 of 2nd period - Snap shot by Sean Kuraly.
5:37 of 2nd period - Shot Blocked by David Jiricek.
5:39 of 2nd period - Snap shot by Marcus Johansson.
5:39 of 2nd period - Stopped by Alexandar Georgiev without a rebound.
5:40 of 2nd period - Radek Faksa wins face-off versus Claude Giroux in Chicago Black Hawks zone.
5:53 of 2nd period - Slapshot by Brandon Duhaime.
5:53 of 2nd period - Stopped by Alexandar Georgiev without a rebound.
5:54 of 2nd period - Claude Giroux wins face-off versus Sean Kuraly in Chicago Black Hawks zone.
6:01 of 2nd period - Backhand shot by Juuso Parssinen.
6:01 of 2nd period - Goal by Juuso Parssinen - Chicago Black Hawks : 1 - Philadelphia Flyers : 4.
6:02 of 2nd period - Radek Faksa wins face-off versus Claude Giroux in neutral zone.
6:07 of 2nd period - Wrist shot by Radek Faksa.
6:07 of 2nd period - Shot Misses the Net.
6:09 of 2nd period - Minor Penalty to Simon Nemec for Hooking.
6:10 of 2nd period - Casey Cizikas wins face-off versus Claude Giroux in Chicago Black Hawks zone.
6:11 of 2nd period - Backhand shot by Cody Glass.
6:11 of 2nd period - Shot Misses the Net.
6:13 of 2nd period - Wrist shot by Vladislav Gavrikov.
6:13 of 2nd period - Shot Misses the Net.
6:35 of 2nd period - Snap shot by Cole Sillinger.
6:35 of 2nd period - Shot Blocked by Casey Cizikas.
6:57 of 2nd period - Wrist shot by Cody Glass.
6:57 of 2nd period - Deflect By Lucas Raymond.
6:57 of 2nd period - Shot Misses the Net.
6:57 of 2nd period - Puck is out of play.
6:58 of 2nd period - Jack McBain wins face-off versus Colton Sissons in Chicago Black Hawks zone.
8:09 of 2nd period - Penalty to Simon Nemec is over, Simon Nemec is back on ice.
8:31 of 2nd period - Snap shot by Brandon Duhaime.
8:31 of 2nd period - Goal by Brandon Duhaime - Chicago Black Hawks : 1 - Philadelphia Flyers : 5.
8:32 of 2nd period - Bobby Brink wins face-off versus Jack McBain in neutral zone.
8:40 of 2nd period - Off-side.
8:41 of 2nd period - Jack McBain wins face-off versus Joseph Veleno in neutral zone.
8:58 of 2nd period - Jack McBain is hit by Simon Nemec and loses puck.
9:19 of 2nd period - Snap shot by Brett Murray.
9:19 of 2nd period - Stopped by Alexandar Georgiev without a rebound.
9:20 of 2nd period - Claude Giroux wins face-off versus Jeff Skinner in Chicago Black Hawks zone.
9:47 of 2nd period - Wrist shot by Radek Faksa.
9:47 of 2nd period - Stopped by Alexandar Georgiev with a rebound.
9:49 of 2nd period - Snap shot by Radek Faksa.
9:49 of 2nd period - Shot Misses the Net.
9:51 of 2nd period - Snap shot by Brandon Duhaime.
9:51 of 2nd period - Deflect By Luke Glendening.
9:51 of 2nd period - Stopped by Alexandar Georgiev with a rebound.
10:23 of 2nd period - Slapshot by Zac Jones.
10:23 of 2nd period - Stopped by Alexandar Georgiev with a rebound.
10:32 of 2nd period - Minor Penalty to Joshua Brown for Holding.
10:33 of 2nd period - Casey Cizikas wins face-off versus Claude Giroux in Philadelphia Flyers zone.
10:42 of 2nd period - Off-side.
10:43 of 2nd period - Sean Kuraly wins face-off versus Claude Giroux in neutral zone.
10:46 of 2nd period - Wrist shot by Sean Kuraly.
10:46 of 2nd period - Deflect By Luke Glendening.
10:46 of 2nd period - Goal by Luke Glendening - Chicago Black Hawks : 1 - Philadelphia Flyers : 6.
10:47 of 2nd period - Cole Sillinger wins face-off versus Casey Cizikas in neutral zone.
12:32 of 2nd period - Penalty to Joshua Brown is over, Joshua Brown is back on ice.
12:38 of 2nd period - Snap shot by Joseph Veleno.
12:38 of 2nd period - Stopped by Connor Ingram with a rebound.
12:40 of 2nd period - Wrist shot by Bobby Brink.
12:40 of 2nd period - Stopped by Connor Ingram with a rebound.
12:42 of 2nd period - Slapshot by Justin Faulk.
12:42 of 2nd period - Shot Blocked by Radek Faksa.
12:44 of 2nd period - Slapshot by Joseph Veleno.
12:44 of 2nd period - Deflect By Barrett Hayton.
12:44 of 2nd period - Shot Misses the Net.
12:44 of 2nd period - Puck is out of play.
12:45 of 2nd period - Joseph Veleno wins face-off versus Jack McBain in Philadelphia Flyers zone.
12:46 of 2nd period - Snap shot by Barrett Hayton.
12:46 of 2nd period - Stopped by Connor Ingram without a rebound.
12:47 of 2nd period - Fredrik Olofsson wins face-off versus Joseph Veleno in Philadelphia Flyers zone.
12:55 of 2nd period - Off-side.
12:56 of 2nd period - Claude Giroux wins face-off versus Sean Kuraly in neutral zone.
13:27 of 2nd period - Slapshot by William Borgen.
13:27 of 2nd period - Shot Blocked by Vincent Desharnais.
13:29 of 2nd period - Wrist shot by William Borgen.
13:29 of 2nd period - Shot Misses the Net.
13:31 of 2nd period - Minor Penalty to Trevor Zegras for Tripping.
13:32 of 2nd period - Claude Giroux wins face-off versus Jack McBain in Chicago Black Hawks zone.
13:43 of 2nd period - Snap shot by Jack McBain.
13:43 of 2nd period - Stopped by Alexandar Georgiev without a rebound.
13:44 of 2nd period - Colton Sissons wins face-off versus Jack McBain in Chicago Black Hawks zone.
13:59 of 2nd period - Wrist shot by Jack McBain.
13:59 of 2nd period - Stopped by Alexandar Georgiev without a rebound.
14:00 of 2nd period - Casey Cizikas wins face-off versus Claude Giroux in Chicago Black Hawks zone.
14:27 of 2nd period - Snap shot by Juuso Parssinen.
14:27 of 2nd period - Shot Misses the Net.
14:29 of 2nd period - Slapshot by Zac Jones.
14:29 of 2nd period - Shot Misses the Net.
14:31 of 2nd period - Snap shot by Jeff Skinner.
14:31 of 2nd period - Shot Misses the Net.
14:33 of 2nd period - Snap shot by Juuso Parssinen.
14:33 of 2nd period - Shot Misses the Net.
14:35 of 2nd period - Slapshot by Zac Jones.
14:35 of 2nd period - Stopped by Alexandar Georgiev with a rebound.
15:31 of 2nd period - Penalty to Trevor Zegras is over, Trevor Zegras is back on ice.
15:49 of 2nd period - Bobby Brink is hit by Radek Faksa and loses puck.
16:45 of 2nd period - Slapshot by Joel Edmundson.
16:45 of 2nd period - Deflect By Brett Murray.
16:45 of 2nd period - Shot Misses the Net.
16:45 of 2nd period - Puck is out of play.
16:46 of 2nd period - Fredrik Olofsson wins face-off versus Joseph Veleno in Chicago Black Hawks zone.
16:56 of 2nd period - Snap shot by Justin Faulk.
16:56 of 2nd period - Deflect By Bobby Brink.
16:56 of 2nd period - Shot Misses the Net.
16:56 of 2nd period - Puck is out of play.
16:57 of 2nd period - Casey Cizikas wins face-off versus Cole Sillinger in Philadelphia Flyers zone.
16:57 of 2nd period - Casey Cizikas is hit by Justin Faulk.
17:25 of 2nd period - Cody Glass is hit by Cole Sillinger and loses puck.
17:40 of 2nd period - Snap shot by Cody Glass.
17:40 of 2nd period - Shot Misses the Net.
18:23 of 2nd period - Slapshot by Trevor van Riemsdyk.
18:23 of 2nd period - Deflect By Justin Faulk.
18:23 of 2nd period - Stopped by Alexandar Georgiev with a rebound.
18:25 of 2nd period - Slapshot by Vladislav Gavrikov.
18:25 of 2nd period - Stopped by Alexandar Georgiev with a rebound.
18:27 of 2nd period - Slapshot by Trevor van Riemsdyk.
18:27 of 2nd period - Shot Misses the Net.
18:43 of 2nd period - Snap shot by Trevor Zegras.
18:43 of 2nd period - Shot Misses the Net.
19:03 of 2nd period - Cody Glass is hit by Leo Carlsson and loses puck.
19:58 of 2nd period - Snap shot by Jeff Skinner.
19:58 of 2nd period - Deflect By Cody Glass.
19:58 of 2nd period - Stopped by Alexandar Georgiev without a rebound.
19:59 of 2nd period - Radek Faksa wins face-off versus Claude Giroux in Chicago Black Hawks zone.
Goals for this period are 0 for Chicago Black Hawks vs 4 for Philadelphia Flyers.
Shots for this period are 4 for Chicago Black Hawks vs 18 for Philadelphia Flyers.
3rd period
0:01 of 3rd period - Radek Faksa wins face-off versus Claude Giroux in neutral zone.
0:11 of 3rd period - Wrist shot by Radek Faksa.
0:11 of 3rd period - Shot Blocked by Urho Vaakanainen.
0:13 of 3rd period - Wrist shot by Luke Glendening.
0:13 of 3rd period - Deflect By Brandon Duhaime.
0:13 of 3rd period - Shot Blocked by Urho Vaakanainen.
0:13 of 3rd period - Puck is out of play.
0:14 of 3rd period - Claude Giroux wins face-off versus Sean Kuraly in Chicago Black Hawks zone.
0:14 of 3rd period - Claude Giroux is hit by Sean Kuraly.
0:30 of 3rd period - Wrist shot by Sean Kuraly.
0:30 of 3rd period - Stopped by Alexandar Georgiev without a rebound.
0:31 of 3rd period - Joseph Veleno wins face-off versus Radek Faksa in Chicago Black Hawks zone.
0:36 of 3rd period - Wrist shot by Urho Vaakanainen.
0:36 of 3rd period - Deflect By Bobby Brink.
0:36 of 3rd period - Stopped by Connor Ingram without a rebound.
0:37 of 3rd period - Joseph Veleno wins face-off versus Radek Faksa in Philadelphia Flyers zone.
0:38 of 3rd period - Slapshot by Barrett Hayton.
0:38 of 3rd period - Shot Misses the Net.
1:26 of 3rd period - Fredrik Olofsson is hit by Trevor Zegras and loses puck.
1:58 of 3rd period - Snap shot by Bobby Brink.
1:58 of 3rd period - Stopped by Connor Ingram with a rebound.
2:00 of 3rd period - Wrist shot by Barrett Hayton.
2:00 of 3rd period - Shot Misses the Net.
2:02 of 3rd period - Slapshot by Caleb Jones.
2:02 of 3rd period - Shot Misses the Net.
2:36 of 3rd period - Snap shot by Sean Kuraly.
2:36 of 3rd period - Stopped by Alexandar Georgiev with a rebound.
3:41 of 3rd period - Backhand shot by Leo Carlsson.
3:41 of 3rd period - Stopped by Connor Ingram without a rebound.
3:42 of 3rd period - Sean Kuraly wins face-off versus Cole Sillinger in Philadelphia Flyers zone.
4:04 of 3rd period - Minor Penalty to Vincent Desharnais for Tripping.
4:05 of 3rd period - Jack McBain wins face-off versus Lucas Raymond in Chicago Black Hawks zone.
4:16 of 3rd period - Wrist shot by Jeff Skinner.
4:16 of 3rd period - Shot Blocked by David Jiricek.
4:18 of 3rd period - Slapshot by Trevor van Riemsdyk.
4:18 of 3rd period - Stopped by Alexandar Georgiev without a rebound.
4:19 of 3rd period - Colton Sissons wins face-off versus Casey Cizikas in Chicago Black Hawks zone.
5:31 of 3rd period - Icing by William Borgen.
5:32 of 3rd period - Casey Cizikas wins face-off versus Claude Giroux in Philadelphia Flyers zone.
6:04 of 3rd period - Penalty to Vincent Desharnais is over, Vincent Desharnais is back on ice.
6:15 of 3rd period - Snap shot by Joseph Veleno.
6:15 of 3rd period - Deflect By Barrett Hayton.
6:15 of 3rd period - Shot Blocked by Vladislav Gavrikov.
6:15 of 3rd period - Puck is out of play.
6:16 of 3rd period - Joseph Veleno wins face-off versus Radek Faksa in Philadelphia Flyers zone.
6:21 of 3rd period - Wrist shot by Barrett Hayton.
6:21 of 3rd period - Shot Misses the Net.
6:39 of 3rd period - William Borgen is hit by Justin Faulk and loses puck.
6:50 of 3rd period - Brandon Duhaime is hit by Joseph Veleno and loses puck.
7:01 of 3rd period - Wrist shot by Bobby Brink.
7:01 of 3rd period - Stopped by Connor Ingram with a rebound.
7:03 of 3rd period - Snap shot by Simon Nemec.
7:03 of 3rd period - Stopped by Connor Ingram without a rebound.
7:04 of 3rd period - Sean Kuraly wins face-off versus Claude Giroux in Philadelphia Flyers zone.
7:04 of 3rd period - Sean Kuraly is hit by Claude Giroux.
7:10 of 3rd period - Juuso Parssinen is hit by Caleb Jones and loses puck.
7:25 of 3rd period - Icing by Claude Giroux.
7:26 of 3rd period - Claude Giroux wins face-off versus Jack McBain in Chicago Black Hawks zone.
7:43 of 3rd period - Snap shot by Lucas Raymond.
7:43 of 3rd period - Deflect By Claude Giroux.
7:43 of 3rd period - Stopped by Connor Ingram without a rebound.
7:44 of 3rd period - Sean Kuraly wins face-off versus Joseph Veleno in Philadelphia Flyers zone.
7:48 of 3rd period - Off-side.
7:49 of 3rd period - Sean Kuraly wins face-off versus Joseph Veleno in neutral zone.
7:54 of 3rd period - Slapshot by William Borgen.
7:54 of 3rd period - Shot Blocked by Urho Vaakanainen.
8:02 of 3rd period - Wrist shot by Joseph Veleno.
8:02 of 3rd period - Stopped by Connor Ingram with a rebound.
8:04 of 3rd period - Slapshot by Vincent Desharnais.
8:04 of 3rd period - Stopped by Connor Ingram with a rebound.
8:14 of 3rd period - Jack McBain is hit by Lucas Raymond and loses puck.
8:35 of 3rd period - Wrist shot by Lucas Raymond.
8:35 of 3rd period - Shot Misses the Net.
8:37 of 3rd period - Snap shot by Leo Carlsson.
8:37 of 3rd period - Shot Misses the Net.
8:39 of 3rd period - Slapshot by Vincent Desharnais.
8:39 of 3rd period - Stopped by Connor Ingram without a rebound.
8:40 of 3rd period - Sean Kuraly wins face-off versus Cole Sillinger in Philadelphia Flyers zone.
8:40 of 3rd period - Sean Kuraly is hit by David Jiricek.
8:53 of 3rd period - Minor Penalty to Caleb Jones for Hooking.
8:54 of 3rd period - Casey Cizikas wins face-off versus Colton Sissons in Chicago Black Hawks zone.
9:03 of 3rd period - Slapshot by Casey Cizikas.
9:03 of 3rd period - Goal by Casey Cizikas - Chicago Black Hawks : 1 - Philadelphia Flyers : 7.
9:04 of 3rd period - Jack McBain wins face-off versus Claude Giroux in neutral zone.
9:09 of 3rd period - Slapshot by Fredrik Olofsson.
9:09 of 3rd period - Stopped by Alexandar Georgiev with a rebound.
9:11 of 3rd period - Wrist shot by Fredrik Olofsson.
9:11 of 3rd period - Stopped by Alexandar Georgiev without a rebound.
9:12 of 3rd period - Claude Giroux wins face-off versus Jack McBain in Chicago Black Hawks zone.
9:28 of 3rd period - Slapshot by Zac Jones.
9:28 of 3rd period - Deflect By Claude Giroux.
9:28 of 3rd period - Stopped by Alexandar Georgiev with a rebound.
9:30 of 3rd period - Snap shot by Fredrik Olofsson.
9:30 of 3rd period - Shot Misses the Net.
9:32 of 3rd period - Slapshot by Joshua Brown.
9:32 of 3rd period - Stopped by Alexandar Georgiev with a rebound.
9:51 of 3rd period - Minor Penalty to Justin Faulk for Interference.
9:52 of 3rd period - Casey Cizikas wins face-off versus Colton Sissons in Chicago Black Hawks zone.
10:17 of 3rd period - Juuso Parssinen is hit by Colton Sissons and loses puck.
10:32 of 3rd period - David Jiricek is hit by Casey Cizikas and loses puck.
11:51 of 3rd period - Penalty to Justin Faulk is over, Justin Faulk is back on ice.
13:33 of 3rd period - Marcus Johansson is hit by David Jiricek.
13:47 of 3rd period - Marcus Johansson is hit by David Jiricek and loses puck.
14:11 of 3rd period - Vincent Desharnais is hit by Jack McBain and loses puck.
14:18 of 3rd period - Fredrik Olofsson is hit by Colton Sissons and loses puck.
14:31 of 3rd period - Simon Nemec is hit by Trevor van Riemsdyk and loses puck.
14:38 of 3rd period - Snap shot by Jeff Skinner.
14:38 of 3rd period - Deflect By Cody Glass.
14:38 of 3rd period - Stopped by Alexandar Georgiev with a rebound.
15:19 of 3rd period - Cole Sillinger is hit by Casey Cizikas.
15:29 of 3rd period - Snap shot by Marcus Johansson.
15:29 of 3rd period - Stopped by Alexandar Georgiev without a rebound.
15:30 of 3rd period - Jack Drury wins face-off versus Sean Kuraly in Chicago Black Hawks zone.
15:30 of 3rd period - Jack Drury is hit by Juuso Parssinen.
15:44 of 3rd period - Wrist shot by Jack Drury.
15:44 of 3rd period - Shot Misses the Net.
16:01 of 3rd period - Radek Faksa is hit by Bobby Brink and loses puck.
16:25 of 3rd period - Fredrik Olofsson is hit by Trevor Zegras and loses puck.
16:45 of 3rd period - Wrist shot by Colton Sissons.
16:45 of 3rd period - Stopped by Connor Ingram without a rebound.
16:46 of 3rd period - Sean Kuraly wins face-off versus Joseph Veleno in Philadelphia Flyers zone.
16:57 of 3rd period - Snap shot by Bobby Brink.
16:57 of 3rd period - Stopped by Connor Ingram without a rebound.
16:58 of 3rd period - Sean Kuraly wins face-off versus Claude Giroux in Philadelphia Flyers zone.
17:33 of 3rd period - Off-side.
17:34 of 3rd period - Joseph Veleno wins face-off versus Jack McBain in neutral zone.
17:46 of 3rd period - Brett Murray beats up Vincent Desharnais.
17:46 of 3rd period - Penalty to Brett Murray for Fighting.
17:46 of 3rd period - Penalty to Vincent Desharnais for Fighting.
17:47 of 3rd period - Claude Giroux wins face-off versus Sean Kuraly in Philadelphia Flyers zone.
17:56 of 3rd period - Slapshot by Lucas Raymond.
17:56 of 3rd period - Shot Blocked by Vladislav Gavrikov.
17:58 of 3rd period - Slapshot by Simon Nemec.
17:58 of 3rd period - Deflect By Claude Giroux.
17:58 of 3rd period - Shot Misses the Net.
17:58 of 3rd period - Puck is out of play.
17:59 of 3rd period - Claude Giroux wins face-off versus Sean Kuraly in Philadelphia Flyers zone.
19:04 of 3rd period - Wrist shot by Barrett Hayton.
19:04 of 3rd period - Shot Misses the Net.
19:38 of 3rd period - Slapshot by Lucas Raymond.
19:38 of 3rd period - Shot Blocked by Vladislav Gavrikov.
19:49 of 3rd period - Caleb Jones is hit by Brandon Duhaime and loses puck.
Goals for this period are 0 for Chicago Black Hawks vs 1 for Philadelphia Flyers.
Shots for this period are 11 for Chicago Black Hawks vs 10 for Philadelphia Flyers.
Back to the Top